Map: Deathaura LE

Players

AqueroN

  • Race: Terran Terran
  • League: Grandmaster
  • Spawn Location: 5:00

Vanya - Winner!

  • Race: Zerg Zerg
  • League: Master
  • Spawn Location: 11:00

Event: DreamHack SC2 Masters 2020 Winter

VOD

Have the link to the VOD?

Description

Time

  • Played on: Nov. 1, 2020, 11:43 a.m.
  • Length: 14:03

All games in this series

Show
View Real Time Build Order
Export as new Build Order

AqueroN Terran 

Build Orders: Hellion Opening, Reaper Expand 

Get SALT Encoding   

  12  0:00  SCV  
  13  0:12  SCV  
  14  0:17  Supply Depot  
  14  0:24  SCV  
  15  0:39  SCV  
  15  0:40  Barracks  
  16  0:44  Refinery  
  16  0:51  SCV  
  17  1:03  SCV  
  18  1:15  SCV  
  19  1:27  Reaper  
  19  1:28  Orbital Command  
  20  1:39  Command Center  
  20  1:48  Supply Depot  
  20  1:53  SCV  
  21  1:59  Marine  
  22  2:05  SCV  
  22  2:08  Factory  
  23  2:17  SCV, Refinery  
  23  2:22  Barracks Reactor  
  24  2:29  SCV  
  25  2:41  SCV  
  26  2:52  Orbital Command  
  26  2:54  SCV, Starport  
  27  3:01  Hellion x2  
  31  3:06  SCV  
  31  3:10  Marine  
  33  3:17  Supply Depot  
  33  3:18  SCV x2  
  35  3:23  Hellion x2  
  39  3:30  SCV x2  
  41  3:35  Fusion Core  
  44  3:44  SCV x2  
  44  3:47  Hellion  
  48  3:50  Starport Tech Lab  
  48  3:51  Hellion  
  47  3:56  SCV x2  
  47  4:00  Supply Depot  
  49  4:09  Command Center  
  49  4:11  SCV x2  
  49  4:16  Barracks Tech Lab  
  51  4:22  Supply Depot  
  51  4:27  Battlecruiser  
  51  4:30  SCV  
  59  4:31  SCV  
  59  4:42  SCV, Stimpack  
  59  4:43  SCV  
  61  4:47  Barracks  
  61  4:50  Supply Depot, Barracks  
  61  4:54  SCV  
  61  4:55  SCV  
  61  4:56  Marine  
  61  4:57  Factory Reactor  
  64  5:01  Supply Depot  
  64  5:05  Refinery  
  64  5:08  SCV  
  64  5:09  Engineering Bay x2  
  64  5:11  SCV  
  66  5:18  Marine  
  66  5:20  SCV  
  68  5:22  Supply Depot  
  68  5:23  SCV  
  68  5:24  Orbital Command  
  69  5:36  Marine x3  
  69  5:40  SCV x2  
  69  5:41  Starport Reactor  
  74  5:47  Barracks  
  74  5:48  Barracks  
  74  5:50  SCV  
  74  5:52  SCV  
  74  5:53  Marine x2  
  74  5:54  Marine x3  
  74  5:55  Terran Infantry Weapons Level 1, Terran Infantry Armor Level 1  
  81  6:05  SCV x2  
  81  6:06  Orbital Command  
  81  6:10  Marine  
  81  6:11  Marine x2  
  85  6:12  Marine  
  85  6:17  SCV x2  
  89  6:18  Marine  
  89  6:20  Siege Tank  
  92  6:29  SCV x2  
  92  6:32  Marine x3  
  97  6:36  Supply Depot x2  
  97  6:37  Supply Depot  
  97  6:38  Marine x2  
  97  6:39  Medivac x2  
  92  6:40  Barracks Reactor x2  
  92  6:43  SCV x2  
  92  6:44  SCV  
  93  6:49  Supply Depot  
  93  6:52  Siege Tank  
  96  6:55  SCV x2  
  96  6:56  SCV  
  96  6:58  Marine  
  96  6:59  Marine x4  
  104  7:01  Combat Shield  
  104  7:12  SCV x3  
  104  7:13  Supply Depot  
  104  7:14  Barracks  
  104  7:15  Barracks x2  
  107  7:19  Marine x5  
  107  7:20  Marine  
  113  7:24  Siege Tank  
  113  7:27  Marine x2  
  113  7:28  Supply Depot, Marine  
  113  7:29  Medivac  
  121  7:36  Marine  
  114  7:38  Marine x4  
  114  7:43  SCV x3  
  112  7:46  Marine x3  
  110  7:54  Marine x2  
  110  7:55  SCV  
  110  7:56  Marine x3  
  110  7:57  SCV x2  
  117  7:59  Marine  
  116  8:08  Marine  
  116  8:10  Marine  
  116  8:11  Barracks Reactor, Marine  
  120  8:12  SCV  
  120  8:13  SCV x2, Barracks Reactor  
  120  8:16  Supply Depot x2  
  120  8:19  Medivac, Siege Tank  
  127  8:24  Marine x4  
  127  8:25  SCV x2, Marine  
  127  8:26  SCV  
  135  8:33  Marine x3  
  138  8:35  Supply Depot  
  138  8:36  Medivac  
  138  8:37  SCV x2, Supply Depot  
  138  8:41  Missile Turret  
  142  8:42  Marine x2  
  142  8:48  Marine x5  
  145  8:49  Marine  
  145  8:51  Siege Tank  
  153  8:56  Marine x4  
  153  8:57  Marine x2  
  159  9:06  Marine  
  159  9:07  Marine x7  
  166  9:13  Marine  
  166  9:14  Marine x3  
  169  9:17  Marine  
  169  9:18  Marine  
  169  9:21  Medivac  
  169  9:23  Siege Tank  
  160  9:24  Marine x3  
  160  9:25  Marine x4  
  160  9:31  Marine x3  
  168  9:36  Medivac  
  172  9:40  Supply Depot  
  172  9:42  Supply Depot  
  172  9:43  Marine x7  
  172  9:44  Command Center, Refinery  
  172  9:45  Marine  
  170  9:54  Marine x3  
  170  9:59  Siege Tank  
  176  10:01  Marine  
  164  10:09  Marine x2  
  164  10:12  Marine  
  161  10:15  Marine x5  
  161  10:16  Marine x3  
  161  10:18  Marine x2, Liberator  
  161  10:19  Marine  
  173  10:26  Marine  
  173  10:27  Marine  
  175  10:29  Marine  
  175  10:33  Marine x2  
  176  10:37  Marine  
  176  10:38  Medivac  
  176  10:41  Marine  
  176  10:42  Marine x7  
  181  10:47  Siege Tank  
  181  10:48  Marine  
  162  11:00  Marine x2  
  162  11:01  Medivac  
  162  11:04  Marine  
  134  11:11  Marine x3  
  114  11:12  Marine  
  114  11:13  Marine x4  
  114  11:14  Marine x3  
  114  11:17  Medivac  
  114  11:18  Marine  
  112  11:19  Marine  
  112  11:20  Siege Tank  
  112  11:22  Marine  
  109  11:28  SCV x3, Marine  
  109  11:29  Marine x2  
  109  11:30  Marine x2  
  109  11:31  Marine x5  
  109  11:32  Marine  
  123  11:35  Marine  
  123  11:37  Command Center, Marine  
  123  11:39  Marine  
  125  11:41  Medivac  
  125  11:46  Marine  
  129  11:47  Marine x2  
  129  11:48  Marine x2  
  129  11:49  Marine x3  
  129  11:50  Refinery  
  129  11:52  Siege Tank  
  139  11:57  Marine  
  139  11:58  Marine  
  139  11:59  Marine  
  139  12:00  Marine x2  
  144  12:02  Marine  
  144  12:04  Marine  
  144  12:05  Marine x2  
  144  12:06  Marine x2  
  144  12:07  Marine x3  
  151  12:09  Medivac  
  151  12:15  Marine  
  154  12:16  Marine x2  
  154  12:17  Marine  
  154  12:18  Marine  
  154  12:20  Marine  
  154  12:22  Marine x2  
  159  12:23  Marine  
  159  12:24  Marine x4, Siege Tank  
  159  12:25  Marine  
  160  12:33  Marine  
  160  12:34  Marine x2  
  160  12:35  Marine x2  
  160  12:37  Marine  
  160  12:40  Marine x3  
  160  12:42  Marine x3  
  167  12:48  Marine x2  
  167  12:51  Marine  
  170  12:53  Marine  
  164  13:01  Marine x4  
  164  13:03  Siege Tank  
  164  13:04  Marine x2  
  173  13:07  Marine x5  
  161  13:22  Marine x4  
  127  13:37  Marine x2  
  127  13:39  Marine  
Show
View Real Time Build Order
Export as new Build Order

Vanya Zerg - Winner!

Build Orders: Hatch First, Muta Ling Bane 

Get SALT Encoding   

  12  0:00  Drone  
  13  0:12  Overlord  
  13  0:16  Drone  
  14  0:30  Drone  
  14  0:31  Drone  
  16  0:47  Hatchery  
  15  0:51  Drone  
  15  0:54  Drone  
  17  1:01  Drone  
  18  1:09  Extractor  
  17  1:15  Spawning Pool  
  17  1:18  Drone  
  17  1:21  Drone  
  18  1:28  Drone  
  19  1:39  Drone  
  20  1:49  Overlord  
  20  2:01  Queen x2  
  20  2:02  Zergling x4  
  26  2:12  Drone x2  
  26  2:14  Metabolic Boost  
  29  2:22  Drone  
  29  2:23  Drone  
  30  2:38  Hatchery  
  30  2:39  Drone  
  31  2:44  Drone x2  
  31  2:48  Overlord  
  32  2:55  Queen  
  34  2:58  Drone  
  34  3:00  Drone  
  36  3:10  Drone  
  36  3:11  Drone  
  36  3:12  Drone x2  
  40  3:14  Overlord  
  40  3:21  Drone x2  
  42  3:30  Queen  
  44  3:34  Drone  
  44  3:35  Drone  
  44  3:40  Zergling x4  
  48  3:45  Overlord  
  48  3:46  Drone x2  
  48  3:48  Overlord  
  50  3:51  Queen, Baneling Nest  
  51  4:02  Spore Crawler x2  
  50  4:05  Drone  
  50  4:06  Drone  
  50  4:08  Drone x4  
  50  4:09  Queen  
  55  4:15  Zergling x6  
  55  4:16  Zergling x2  
  61  4:26  Lair  
  61  4:27  Overlord  
  61  4:28  Extractor  
  61  4:29  Drone x2  
  61  4:39  Zergling x10  
  61  4:41  Drone x2  
  61  4:42  Drone  
  61  4:44  Extractor  
  61  4:45  Drone  
  66  4:52  Overlord  
  66  4:54  Drone x5  
  66  4:56  Queen  
  73  5:01  Drone  
  74  5:12  Drone x5  
  79  5:16  Overlord  
  79  5:24  Drone x3  
  79  5:26  Extractor  
  79  5:27  Spire, Extractor  
  79  5:28  Centrifical Hooks  
  79  5:29  Drone x3, Extractor  
  79  5:31  Drone  
  79  5:34  Spore Crawler  
  80  5:47  Drone x2  
  80  5:48  Zergling x6  
  82  5:56  Overlord  
  81  5:58  Zergling x2  
  81  5:59  Zergling x6  
  81  6:00  Overlord  
  81  6:02  Drone x4  
  85  6:11  Overlord  
  85  6:13  Queen  
  85  6:16  Hatchery, Drone x3  
  86  6:21  Drone x4  
  85  6:28  Zergling x6  
  80  6:45  Mutalisk x6  
  92  6:54  Drone x3  
  92  6:55  Zergling x2  
  92  6:56  Zergling x4  
  98  7:02  Baneling x9  
  98  7:03  Zergling x6  
  101  7:12  Drone x4  
  101  7:15  Evolution Chamber  
  103  7:16  Evolution Chamber  
  102  7:23  Zerg Flyer Weapons Level 1  
  102  7:27  Overlord x4, Drone x2  
  102  7:29  Zergling x4  
  106  7:35  Mutalisk x2  
  110  7:37  Baneling x5  
  110  7:39  Zergling x2  
  108  7:50  Mutalisk x3  
  114  7:53  Overlord  
  114  8:00  Overlord  
  114  8:01  Drone x4  
  114  8:02  Drone x4  
  122  8:07  Mutalisk  
  122  8:08  Mutalisk  
  122  8:16  Mutalisk x2  
  122  8:19  Zergling x12  
  132  8:26  Zergling x6  
  132  8:27  Zergling x6  
  138  8:28  Baneling x5  
  138  8:33  Mutalisk x2  
  140  8:38  Zergling x8  
  146  8:43  Hatchery  
  146  8:45  Zerg Melee Weapons Level 1  
  145  8:52  Zerg Ground Armor Level 1, Extractor  
  145  8:53  Drone x3  
  145  8:54  Drone  
  145  8:55  Overlord, Drone  
  149  8:56  Zergling x2, Drone  
  149  8:57  Zergling x10  
  149  9:02  Baneling x9  
  156  9:08  Zergling x8  
  160  9:10  Overlord  
  160  9:12  Overlord  
  159  9:18  Zerg Flyer Weapons Level 2  
  159  9:22  Zergling x22  
  159  9:24  Overlord  
  167  9:33  Extractor  
  167  9:35  Drone x3  
  167  9:37  Overlord x2, Drone x3  
  172  9:40  Baneling x2  
  172  9:41  Zergling x10, Baneling x5  
  177  9:50  Zergling x14  
  177  9:51  Baneling  
  177  9:52  Baneling x8  
  180  9:58  Baneling x13  
  180  9:59  Zergling x8  
  165  10:08  Zergling x18  
  165  10:13  Zergling x2  
  172  10:19  Zergling x14  
  176  10:22  Mutalisk  
  176  10:25  Mutalisk  
  180  10:29  Baneling x7  
  180  10:30  Baneling x4  
  180  10:31  Mutalisk x3  
  181  10:36  Zergling x14  
  181  10:38  Baneling x7  
  181  10:40  Zergling x6  
  188  10:44  Zergling x10  
  188  10:49  Zergling x2  
  171  11:00  Zergling x18  
  157  11:05  Zergling x2  
  157  11:06  Zergling x14  
  149  11:14  Zergling x10  
  141  11:18  Zergling x2  
  141  11:19  Zergling x4  
  141  11:20  Baneling x13  
  141  11:25  Mutalisk x3  
  139  11:32  Zergling x18  
  154  11:33  Hatchery  
  154  11:36  Zerg Melee Weapons Level 2  
  154  11:37  Baneling  
  154  11:38  Zergling x2, Baneling x4  
  154  11:42  Zergling x2  
  154  11:43  Zergling x6  
  158  11:47  Mutalisk x2  
  158  11:50  Baneling x7  
  158  11:51  Baneling  
  162  11:58  Zergling x2  
  162  11:59  Zergling x14  
  162  12:03  Baneling x10  
  158  12:09  Zergling x14  
  165  12:17  Baneling  
  165  12:18  Baneling x7  
  165  12:19  Zergling x14  
  170  12:36  Mutalisk  
  170  12:37  Mutalisk x6  
  170  12:39  Zergling x20  
  170  12:42  Baneling x3  
  170  12:43  Baneling  
  194  12:48  Zergling x10  
  197  13:07  Zergling x4  
  197  13:10  Baneling x14  
  197  13:11  Hatchery  
  186  13:25  Zergling x26  
  191  13:33  Zergling x20  
  173  13:38  Zergling x2  
  160  13:42  Baneling x7  
Tags
 
Add a new tag
Caveats
  • Supply blocks, unpowered buildings, or Contaminate may cause inaccurate times.
  • Supply counts are checked every 10 seconds.